AoeStats
← BeLieb10

Arabia

509777646Analyzed
1v1 RM · 3d ago on Sep 28, 2026· 47m 12s· 2 players
Game mode
Random Map
Map size
Tiny (2 player)
Population
200
Speed
Normal
Resources
Standard
Victory
Conquest
Starting age
Dark Age
Ending age
Imperial Age
RankedLock teamsTeams togetherTeam positionsShared explorationLock speedFull tech treeHidden civsTurbo modeCheats
Victory
Defeat
🇦🇷 Lithuanians · Argentina
933
+17
🇺🇸 Goths · United States
955
-17
BeLieb10
10:16 Feudal Age
10:44 Loom
12:08 Double-Bit Axe
13:11 Forging
13:33 Forging
15:26 Loom
21:31 Castle Age
20:21 Fletching
20:46 Scale Barding Armor
22:18 Wheelbarrow
21:29 Town Watch
23:19 Bow Saw
23:03 Horse Collar
25:10 Heavy Plow
28:53 Hand Cart
29:12 Bodkin Arrow
32:41 Imperial Age
30:18 Stone Mining
30:22 Gold Mining
30:23 Stone Mining
31:46 Bloodlines
31:37 Husbandry
32:16 Iron Casting
32:15 Ballistics
32:33 Ballistics
32:58 Stone Shaft Mining
33:35 Chain Barding Armor
33:31 Masonry
36:33 Chemistry
35:35 Cavalier
36:55 Plate Barding Armor
36:54 Architecture
40:59 Light Cavalry
46:15 Conscription
El_Gatito
0:27 Loom
12:12 Feudal Age
19:35 Castle Age
19:09 Double-Bit Axe
26:00 Pikeman
26:52 Scale Mail Armor
27:02 Forging
26:42 Fletching
32:50 Bow Saw
32:38 Horse Collar
37:03 Wheelbarrow
36:13 Town Watch
36:51 Heavy Plow
41:25 Imperial Age
41:14 Hand Cart
40:59 Town Patrol
40:23 Man-at-Arms
41:05 Squires
41:38 Chain Mail Armor
42:13 Anarchy
43:11 Conscription
42:51 Perfusion
43:36 Ballistics
44:17 Chemistry
43:15 Halberdier
46:50 Two-Man Saw
Connection lost

Rejoining the realm…

Still unreachable

The connection could not be restored.

Session expired

The server has moved on; the page needs a fresh start.